 Dungeon Crawl Stone Soup version 0.19.3-1-g3169bf9 (webtiles) character file.

3817 Megalobster the Infuser (level 9, -11/52 HPs)
             Began as a Deep Elf Conjurer on Jan 24, 2017.
             Was a Priest of Vehumet.
             Mangled by gabygaby's ghost (24 damage)
             ... on level 8 of the Dungeon on Jan 26, 2017.
             The game lasted 01:06:47 (8283 turns).

Megalobster the Infuser (Deep Elf Conjurer)         Turns: 8283, Time: 01:06:48

Health: -11/52     AC:  7    Str:  5    XL:     9   Next: 97%
Magic:  27/32      EV: 13    Int: 27    God:    Vehumet [***...]
Gold:   441        SH:  0    Dex: 15    Spells: 8 memorised, 3 levels left

rFire  + . .     SeeInvis .     A - +1 trident (distort)
rCold  . . .     Gourm    +     k - +2 robe {rC+}
rNeg   . . .     Faith    .     (no shield)
rPois  .         Spirit   .     w - +1 helmet {Int+3}
rElec  .         Reflect  .     (no cloak)
rCorr  .         Harm     .     I - +0 pair of gloves
MR     .....                    (no boots)
Stlth  +.........               M - amulet of the gourmand
                                y - ring of magical power
                                l - ring of fire

@: confused
A: no striking features
a: Renounce Religion


You were on level 8 of the Dungeon.
You worshipped Vehumet.
Vehumet was most pleased with you.
You were full.

You visited 2 branches of the dungeon, and saw 9 of its levels.

You collected 441 gold pieces.

Inventory:

Hand Weapons
 q - a +1 mace of crushing
 v - a +5 club
 A - a +1 trident of distortion (weapon)
 D - a +2 mace of crushing
 E - a +0 vampiric spear
 K - a +1 falchion of holy wrath
 S - a +0 whip of electrocution
 U - a cursed +2 halberd of protection
 W - a +2 halberd
 X - a cursed +5 hand axe
Armour
 k - a +2 robe of cold resistance (worn)
 w - a +1 helmet of intelligence (worn)
 I - a +0 pair of gloves (worn)
 N - a +2 chain mail of cold resistance
Jewellery
 h - an uncursed ring of stealth
 j - an uncursed ring of magical power
 l - a ring of fire (left hand)
 y - a ring of magical power (right hand)
 F - an uncursed ring of ice
 J - a +4 ring of evasion
 M - an amulet of the gourmand (around neck)
 O - an uncursed ring of resist corrosion
Wands
 a - a wand of flame (32/48)
 R - a wand of acid (5/15)
Scrolls
 f - a scroll of blinking
 m - a scroll of fog
 r - 5 scrolls of remove curse
 t - a scroll of identify
 x - 3 scrolls of amnesia
 z - a scroll of enchant weapon
 C - a scroll of magic mapping
 V - a scroll of immolation
Potions
 e - 2 potions of haste
 i - a potion of agility {unknown}
 n - a potion of resistance {unknown}
 o - 5 potions of curing
 p - a potion of ambrosia
 s - 2 potions of might
 u - a potion of lignification {unknown}
 B - 2 potions of heal wounds {unknown}
 G - a potion of magic {unknown}
 L - a potion of degeneration {unknown}
 Q - a potion of berserk rage {unknown}
 T - a potion of cure mutation {unknown}
Books
 b - a book of Conjurations

   Spells                             Type                      Level
   a - Magic Dart                     Conjuration                  1
   b - Searing Ray                    Conjuration                  2
   c - Dazzling Spray                 Conjuration/Hexes            3
   d - Fulminant Prism                Conjuration/Hexes            4
   e - Iskenderun's Mystic Blast      Conjuration                  4
   f - Iskenderun's Battlesphere      Conjuration/Charms           5
 d - a book of Cantrips

   Spells                             Type                      Level
   a - Confusing Touch                Hexes                        1
   b - Animate Skeleton               Necromancy                   1
   c - Summon Small Mammal            Summoning                    1
   d - Apportation                    Translocation                1
 H - a book of Necromancy

   Spells                             Type                      Level
   a - Pain                           Necromancy                   1
   b - Animate Skeleton               Necromancy                   1
   c - Vampiric Draining              Necromancy                   3
   d - Regeneration                   Charms/Necromancy            3
   e - Animate Dead                   Necromancy                   4
   f - Control Undead                 Necromancy                   4
Comestibles
 c - 5 bread rations
 g - a beef jerky
 P - 4 meat rations


   Skills:
 + Level 4.0 Fighting
 - Level 2.4 Dodging
 - Level 2.4 Stealth
 + Level 8.2 Spellcasting
 * Level 9.9 Conjurations
 + Level 0.0 Hexes
 + Level 10.4 Charms
 + Level 5.3 Fire Magic


You had 3 spell levels left.
You knew the following spells:

 Your Spells              Type           Power        Failure   Level  Hunger
a - Magic Dart            Conj           ####         1%          1    None
b - Searing Ray           Conj           ######       1%          2    None
c - Flame Tongue          Conj/Fire      #####        1%          1    None
d - Iskenderun's Battles  Conj/Chrm      ######..     1%          5    ####...
e - Iskenderun's Mystic   Conj           ######..     1%          4    ##.....
f - Throw Flame           Conj/Fire      ######       1%          2    None
g - Dazzling Spray        Conj/Hex       #####.       1%          3    None
h - Mephitic Cloud        Conj/Pois/Air  ####....     1%          3    None


Dungeon Overview and Level Annotations

Branches:
Dungeon (8/15)             Temple (1/1) D:6
   Lair: D:8-11

Altars:
Ashenzari
Cheibriados
Dithmenos
Elyvilon
Fedhas
Gozag
Hepliaklqana
Kikubaaqudgha
Makhleb
Nemelex Xobeh
Okawaru
Qazlal
Ru
Sif Muna
Trog
Uskayaw
Vehumet
Xom
Zin
The Shining One

Shops:
D:5 [

Annotations:
D:8 gabygaby's ghost, novice TrBe


Message History

The barrage of energy hits gabygaby's ghost.
Gabygaby's ghost is lightly damaged.
Gabygaby's ghost hits you!
The searing ray hits gabygaby's ghost.
Gabygaby's ghost is lightly damaged.
Your battlesphere fires!
The barrage of energy hits gabygaby's ghost.
Gabygaby's ghost is moderately damaged.
Gabygaby's ghost hits you!
* * * LOW HITPOINT WARNING * * *
The searing ray misses gabygaby's ghost.
You finish channeling your searing ray.
Your battlesphere fires!
The barrage of energy hits gabygaby's ghost.
Gabygaby's ghost is moderately damaged.
Gabygaby's ghost hits you.
* * * LOW HITPOINT WARNING * * *
You are confused.
You feel invigorated. Gabygaby's ghost hits you!!
You die...

##.## #((...((...###.# ###.#
#########....##.# #...#
###.#######....##.# #.###
#).#.....##.......### #.#
##.###.##.#####.##.... #.#
#.## ##.#.).....^..... #.###
##.###*##..#.......... #...#
#..#..##..#.#..##.### #...#
###.@.....#....##.# #...#
###W###.#....##.# ##.## #.#
#.#.......# ###.#### ####.#
#......####
#......###.##.######..#######
#.#.##.##.#.#.<.............#
#.#.##.#.###.######.#######.#
#.#.....## ##......<# #.#
#.####.#.###.#####..# #.#


You could see gabygaby's ghost and a friendly battlesphere.

Vanquished Creatures
  Pikel (D:7)
  The ghost of Zargon the Sneak, a novice NaAE of Cheibriados (D:5)
  A two-headed ogre (D:8)
  A hungry ghost (D:7)
  An orc warrior (D:6)
  An ice beast (D:7)
  A phantom (D:4)
  A necrophage (D:8)
  An ogre (D:4)
  3 centaurs (D:8)
  4 bullfrogs
  A big kobold (D:7)
  A wyvern zombie (D:8)
  3 scorpions
  4 wights (D:8)
  10 killer bees (D:8)
  An electric eel (D:6)
  2 howler monkeys
  3 bullfrog zombies
  A crimson imp (D:7)
  3 orc priests
  2 hounds
  A jelly (D:5)
  A bullfrog skeleton (D:4)
  Jessica (D:2)
  2 iguanas (D:6)
  2 orc wizards
  4 worker ants
  3 hound skeletons
  A howler monkey zombie (D:8)
  4 gnolls (D:3)
  2 adders
  3 shadow imps
  An ooze (D:2)
  2 adder skeletons
  3 worms
  2 dart slugs (D:3)
  7 leopard geckos
  17 orcs
  6 bats
  8 giant cockroaches
  8 goblins
  8 hobgoblins
  6 jackals
  3 quokkas
  2 ball pythons
  A ball python skeleton (D:4)
  A frilled lizard (D:2)
  13 kobolds
  A leopard gecko skeleton (D:4)
  A leopard gecko zombie (D:6)
  7 rats
168 creatures vanquished.

Vanquished Creatures (others)
  An ooze (D:3)
  A worm (D:2)
  A bat (D:3)
  A kobold (D:7)
  A rat (D:2)
5 creatures vanquished.

Grand Total: 173 creatures vanquished

Notes
Turn   | Place    | Note
-------+----------+-------------------------------------------
     0 | D:1      | Megalobster the Deep Elf Conjurer began the quest for the Orb.
     0 | D:1      | Reached XP level 1. HP: 10/10 MP: 6/6
   372 | D:1      | Reached XP level 2. HP: 7/15 MP: 0/8
   376 | D:1      | Learned a level 2 spell: Searing Ray
   636 | D:1      | Reached skill level 5 in Conjurations
  1055 | D:2      | Found a shattered altar of Ashenzari.
  1059 | D:2      | Reached XP level 3. HP: 13/19 MP: 5/10
  1433 | D:2      | Found a radiant altar of Vehumet.
  1442 | D:2      | Became a worshipper of Vehumet
  1549 | D:2      | Noticed Jessica
  1556 | D:2      | Killed Jessica
  1556 | D:2      | Reached XP level 4. HP: 24/24 MP: 12/12
  1910 | D:3      | Found a glowing silver altar of Zin.
  2138 | D:3      | Reached * piety under Vehumet
  2138 | D:3      | Offered knowledge of Flame Tongue by Vehumet.
  2141 | D:3      | Learned a level 1 spell: Flame Tongue
  2391 | D:3      | Reached XP level 5. HP: 28/28 MP: 14/14
  2401 | D:3      | Learned a level 5 spell: Iskenderun's Battlesphere
  2420 | D:3      | Learned a level 4 spell: Iskenderun's Mystic Blast
  2454 | D:3      | Reached skill level 1 in Charms
  2626 | D:3      | Reached skill level 5 in Spellcasting
  2662 | D:3      | Found a stormy altar of Qazlal.
  2847 | D:4      | Noticed a phantom
  2861 | D:4      | Killed a phantom
  2861 | D:4      | Reached skill level 2 in Charms
  2861 | D:4      | Reached skill level 1 in Fire Magic
  2861 | D:4      | Reached XP level 6. HP: 32/32 MP: 12/15
  3014 | D:4      | Reached skill level 3 in Charms
  3488 | D:4      | Reached skill level 1 in Fighting
  3608 | D:4      | Reached skill level 4 in Charms
  3636 | D:4      | Reached XP level 7. HP: 38/38 MP: 17/17
  3674 | D:4      | Found a white marble altar of Elyvilon.
  3939 | D:4      | Reached ** piety under Vehumet
  3939 | D:4      | Offered knowledge of Throw Flame by Vehumet.
  4087 | D:4      | Found a deep blue altar of Sif Muna.
  4208 | D:5      | Entered Level 5 of the Dungeon
  4338 | D:5      | Found an ancient bone altar of Kikubaaqudgha.
  4366 | D:5      | Found Uqisiheu's Armour Boutique.
  4514 | D:5      | Reached skill level 5 in Charms
  4570 | D:5      | Noticed Zargon's ghost (novice NaAE)
  4582 | D:5      | Killed Zargon's ghost
  4592 | D:5      | Learned a level 2 spell: Throw Flame
  4596 | D:5      | Learned a level 3 spell: Dazzling Spray
  4709 | D:5      | Reached skill level 6 in Charms
  4709 | D:5      | Reached XP level 8. HP: 40/44 MP: 19/19
  4855 | D:5      | Found a shadowy altar of Dithmenos.
  5058 | D:6      | Found a staircase to the Ecumenical Temple.
  5367 | Temple   | Entered the Ecumenical Temple
  5785 | D:6      | Reached skill level 7 in Charms
  6126 | D:7      | Found a hide-covered altar of Uskayaw.
  6290 | D:7      | Found a shimmering altar of Xom.
  6298 | D:7      | Offered knowledge of Mephitic Cloud by Vehumet.
  6298 | D:7      | Reached skill level 8 in Charms
  6311 | D:7      | Reached XP level 9. HP: 44/50 MP: 10/21
  6313 | D:7      | Noticed Pikel
  6320 | D:7      | Killed Pikel
  6644 | D:8      | Noticed gabygaby's ghost (novice TrBe)
  6964 | D:8      | Reached skill level 9 in Charms
  7065 | D:8      | Reached skill level 5 in Fire Magic
  7089 | D:8      | Reached *** piety under Vehumet
  7374 | D:7      | Learned a level 3 spell: Mephitic Cloud
  7505 | D:8      | Offered knowledge of Ignite Poison by Vehumet.
  7511 | D:8      | Reached skill level 10 in Charms
  7603 | D:8      | Found a hazy altar of Hepliaklqana.
  8283 | D:8      | Mangled by gabygaby's ghost

Skill      XL: |  1  2  3  4  5  6  7  8  9 |
---------------+----------------------------+-----
Conjurations   | 5 6 7 8 9 |  9.9
Spellcasting   | 4 5 6 7 8 |  8.2
Charms         | 2 4 6 8 10 | 10.4
Fire Magic     | 1 2 3 4 5 |  5.3
Fighting       | 1 3 4 |  4.0
Dodging        | |  2.4
Stealth        | |  2.4

Action                   |  1- 3 |  4- 6 |  7- 9 || total
-------------------------+-------+-------+-------++-------
Melee: Dagger            |     1 |     1 |       ||     2
 Cast: Magic Dart        |    59 |    79 |   130 ||   268
       Searing Ray       |     5 |    18 |    25 ||    48
       Iskenderun's Myst |       |     1 |     7 ||     8
       Iskenderun's Batt |       |       |    24 ||    24
       Flame Tongue      |       |       |     7 ||     7
       Throw Flame       |       |       |    15 ||    15
  Use: Scroll            |       |     2 |    12 ||    14
       Potion            |       |       |     1 ||     1
  Eat: Chunk             |     2 |     5 |    21 ||    28
       Pizza             |       |     1 |       ||     1
       Bread ration      |       |       |     1 ||     1
Armor: Robe              |     3 |     2 |     9 ||    14
Dodge: Dodged            |     6 |     9 |    37 ||    52
